 Dungeon Crawl Stone Soup version 0.31.0-32-g396128a36d (webtiles) character file.

Game seed: 6301014818529636962

108647 Gabide the Fetichist (level 16, 0/192 HPs)
             Began as a Human Gladiator on Apr 21, 2024.
             Was an Initiate of Gozag.
             Slain by a skyshark (12 damage)
             ... on level 1 of the Shoals.
             The game lasted 01:16:26 (37429 turns).

Gabide the Fetichist (Human Gladiator)             Turns: 37429, Time: 01:16:27

Health: 0/192      AC: 32    Str: 18    XL:     16   Next: 50%
Magic:  16/16      EV: 18    Int: 10    God:    Gozag
Gold:   2561       SH:  0    Dex: 21    Spells: 15/15 levels left

rFire   . . .        H - +2 quarterstaff (freeze)
rCold   + + .        (shield currently unavailable)
rNeg    + . .        e - +4 chain mail {rC+}
rPois   +            c - +2 helmet "Urunorri" {rPois Dex+3}
rElec   .            A - +0 cloak
rCorr   .            r - +2 pair of gloves
SInv    .            J - +3 pair of mountain boots {steadfast, rC+}
Will    +....        (no amulet) Stlth
                     a - +5 ring of evasion
HPRegen 0.52/turn    K - ring "Deotak" {Fly rN+ AC+4}
MPRegen 0.15/turn

%: no passive effects
@: berserking, gold aura, flying, very quick
A: explore regen
a: Renounce Religion, Potion Petition, Call Merchant, Bribe Branch


You were on level 1 of the Shoals.
You worshipped Gozag.
Gozag was most pleased with you.
You visited 5 branches of the dungeon, and saw 24 of its levels.
You also visited: Ossuary and Volcano.

You collected 5474 gold pieces.
You spent 1227 gold pieces at shops.
You paid 1686 gold pieces to Gozag.

Inventory:

Hand Weapons
 H - a +2 quarterstaff of freezing (weapon)
 Y - the +8 spear of Luqewe {flame, rElec rN++ rCorr Int-4}
   (You found it on level 15 of the Dungeon)

   Int-4:     It affects your intelligence (-4).
   rElec:     It insulates you from electricity.
   rN++:      It greatly protects you from negative energy.
   rCorr:     It protects you from acid and corrosion.
Missiles
 s - 4 curare-tipped darts (quivered)
 E - 3 javelins
Armour
 c - the +2 helmet "Urunorri" (worn) {rPois Dex+3}
   (You found it on level 15 of the Dungeon)

   Dex+3:     It affects your dexterity (+3).
   rPois:     It protects you from poison
 e - a +4 chain mail of cold resistance (worn)
 r - a +2 pair of gloves (worn)
 y - a +1 leather armour of willpower
 A - a +0 cloak (worn)
 C - the +0 leather armour of Gluttony {rF+ rC+ Str+2}
   (You found it on level 2 of the Lair of Beasts)

   Str+2:     It affects your strength (+2).
   rF+:       It protects you from fire.
   rC+:       It protects you from cold.
 F - a +4 scale mail of fire resistance
 J - the +3 pair of mountain boots (worn) {steadfast, rC+}
   (You bought it in a shop on level 5 of the Dungeon)

   Steadfast: It prevents involuntary movement, except for blinking,
   teleportation, or banishment.
   rC+:       It protects you from cold.
 S - a +4 plate armour of cold resistance
 Z - the +1 ring mail of the Moon Troll {rElec rC+ MP-9 Dex+2}
   (You bought it in a shop on level 2 of the Orcish Mines)

   Dex+2:     It affects your dexterity (+2).
   rC+:       It protects you from cold.
   rElec:     It insulates you from electricity.
   MP-9:      It affects your magic capacity (-9).
Jewellery
 a - a +5 ring of evasion (left hand)
 v - a ring of positive energy
 x - a ring of protection from fire
 G - a ring of ice
 K - the ring "Deotak" (right hand) {Fly rN+ AC+4}
   (You acquired it on level 5 of the Lair of Beasts)

   [ring of protection]

   AC+4:      It affects your AC (+4).
   rN+:       It protects you from negative energy.
   Fly:       It grants you flight.
 M - a ring of ice
 T - an amulet of magic regeneration
 V - a ring of willpower
 W - the ring "Iqey" {rN+ Str+2}
   (You found it on level 15 of the Dungeon)

   [ring of positive energy]

   Str+2:     It affects your strength (+2).
   rN+:       It protects you from negative energy.
 X - a +6 ring of intelligence
Wands
 d - a wand of mindburst (10)
 i - a wand of paralysis (16)
 u - a wand of roots (11)
 w - a wand of polymorph (10)
 I - a wand of acid (2)
 P - a wand of flame (17)
Scrolls
 m - 3 scrolls of teleportation
 B - a scroll of brand weapon
 D - a scroll of poison
 Q - a scroll of fog
 R - a scroll of revelation
 U - a scroll of identify
Potions
 b - 4 potions of enlightenment
 f - a potion of brilliance
 g - a potion of might
 h - a potion of invisibility
 j - 5 potions of mutation
 l - 4 potions of lignification
 n - a potion of ambrosia
 o - 2 potions of heal wounds
 p - 2 potions of resistance
 t - 2 potions of magic
 z - a potion of haste
 N - 3 potions of attraction
Miscellaneous
 L - a condenser vane


   Skills:
 + Level 12.3 Fighting
 - Level 15.0 Staves
 - Level 3.0 Throwing
 + Level 9.5 Armour
 + Level 9.5 Dodging
 + Level 18.2 Evocations


You had 15 spell levels left.
You didn't know any spells.
Your spell library contained the following spells:

 Spells                   Type           Power      Damage    Failure   Level
 Apportation              Tloc           0%         N/A       94%         1
 Foxfire                  Conj/Fire      0%         2x1d4     94%         1
 Kiss of Death            Conj/Necr      0%         2d5       94%         1
 Magic Dart               Conj           0%         1d3       94%         1
 Necrotise                Necr           0%         1d4       94%         1
 Sting                    Conj/Alch      0%         1d3       94%         1
 Summon Small Mammal      Summ           0%         N/A       94%         1
 Blink                    Tloc           0%         N/A       98%         2
 Lesser Beckoning         Tloc           0%         N/A       98%         2
 Momentum Strike          Conj/Tloc      0%         3d8       98%         2
 Scorch                   Fire           0%         2d5       98%         2
 Searing Ray              Conj           0%         2d4       98%         2
 Call Canine Familiar     Summ           0%         N/A       100%        3
 Confusing Touch          Hex            0%         N/A       100%        3
 Gell's Gravitas          Tloc           0%         N/A       100%        3
 Sigil of Binding         Hex            0%         N/A       100%        3
 Summon Ice Beast         Ice/Summ       0%         N/A       100%        3
 Teleport Other           Tloc           0%         N/A       100%        3
 Anguish                  Hex/Necr       0%         N/A       100%        4
 Cause Fear               Hex            0%         N/A       100%        4
 Dimensional Bullseye     Hex/Tloc       0%         N/A       100%        4
 Dispel Undead            Necr           0%         3d6       100%        4
 Flame Wave               Conj/Fire      0%         2d4       100%        4
 Fulminant Prism          Conj/Alch      0%         3d5       100%        4
 Summon Forest            Summ/Tloc      0%         N/A       100%        5
 Summon Mana Viper        Hex/Summ       0%         N/A       100%        5
 Plasma Beam              Fire/Air       0%         2x1d10    100%        6
 Starburst                Conj/Fire      0%         6d3       100%        6
 Summon Cactus Giant      Summ           0%         N/A       100%        6
 Enfeeble                 Hex            0%         N/A       100%        7
 Monstrous Menagerie      Summ           0%         N/A       100%        7


Dungeon Overview and Level Annotations

Branches:
Dungeon (15/15)            Temple (1/1) D:7            Lair (5/5) D:10
 Shoals (1/4) Lair:3        Snake (0/4) Lair:2        Slime (0/5) Lair:5
    Orc (2/2) D:12            Elf (0/3) Orc:2        Vaults (0/5) D:13
 Depths (0/4) D:15        Ossuary (visited)         Volcano (visited)

Altars:
Ashenzari
Cheibriados
Dithmenos
Elyvilon
Fedhas
Gozag
Hepliaklqana
Kikubaaqudgha
Makhleb
Nemelex Xobeh
Okawaru
Qazlal
Ru
Sif Muna
Trog
Uskayaw
Vehumet
Wu Jian
Xom
Yredelemnul
Zin
The Shining One
Jiyva

Shops:
D:2 [   D:5 *   D:9 !   D:10 (   D:14 :   D:15 *(   Orc:2 (:[*[   Shoals:1 *


Innate Abilities, Weirdness & Mutations

You regain HP and MP as you explore.


Message History

The skyshark tail-slaps you but does no damage.
You sock the skyshark! You freeze the skyshark.
The skyshark is heavily wounded.
The harpy closely misses you. The harpy completely misses you.
The harpy closely misses you. The harpy barely misses you. x3
The sea snake barely misses you.
You hit the skyshark. You freeze the skyshark.
The skyshark is heavily wounded.
The harpy barely misses you. The harpy claws you but does no damage.
The harpy closely misses you. The harpy misses you.
The harpy completely misses you. The harpy claws you but does no damage.
You hit the skyshark but do no damage.
The skyshark is heavily wounded.
The harpy closely misses you. The harpy claws you but does no damage.
The harpy misses you. x2; The harpy claws you but does no damage. x2
The skyshark bites you but does no damage.
The skyshark tail-slaps you but does no damage. x2
Unknown command.
You thump the skyshark! You freeze the skyshark.
The skyshark is severely wounded.
The sea snake closely misses you. The harpy closely misses you.
The harpy claws you!
* * * LOW HITPOINT WARNING * * *
The harpy claws you but does no damage. x2; The harpy barely misses you.
The harpy claws you but does no damage. The skyshark completely misses you.
The skyshark misses you.
The skyshark tail-slaps you but does no damage.
You sock the skyshark!
The skyshark seems to slow down.
You freeze the skyshark.
The skyshark is severely wounded.
The harpy claws you but does no damage. x2; The harpy barely misses you.
The harpy claws you.
* * * LOW HITPOINT WARNING * * *
The harpy claws you but does no damage. The harpy barely misses you.
Unknown command.
You completely miss the skyshark.
The skyshark is severely wounded.
The skyshark bites you!
You die...
Your body crumbles into a pile of gold.

....#####.~~...~~~~~
~~.....$.~~~~~~~~~~~
........~~.~~~~~~~..
........~~...~~..~~.
......##~~.......~~~
.###.##......##..~..
#........### ....
........SH### #.#
...~~~...F@H.# .
...~~~~~~FH.##
..~~~~~~~..#
.~~~~~~~~..#
~≈≈≈~~~~..#
~≈≈≈~~~~..#
~≈≈≈≈~~~~..
~~≈≈~~~~^.
~~~~~..≈≈≈≈


You could see 2 skysharks, a sea snake and 3 harpies.

Vanquished Creatures
  the Lernaean hydra (D:15)
  Rupert (D:15)
  Gastronok (D:8)
  2 orc warlords
  A very ugly thing (D:15)
  The ghost of Obleffat the Swashbuckler, a journeyman KoBr of Wu Jian (Lair:4)
  An ettin (Orc:2)
  The ghost of ripuliukko the Thaumaturge, a journeyman GrEE of Vehumet (Orc:1)
  A great orb of eyes (D:15)
  Josephine (D:13)
  Fannar (Lair:2)
  19 hydras
  A vault guard (D:13)
  An ironbound frostheart (D:13)
  3 catoblepae
  4 two-headed ogres
  5 boulder beetles
  9 centaur warriors
  A deep troll shaman (Lair:5)
  A merfolk aquamancer (Shoals:1)
  An occultist (D:15)
  5 orc high priests
  4 death yaks (Lair:5)
  Urug (Lair:5)
  2 skysharks
  A sea snake (D:14)
  A swamp dragon (shapeshifter) (D:15)
  3 lindwurms
  2 harpies (Shoals:1)
  2 deep elf pyromancers
  Pikel (D:5)
  3 orc knights (Orc:2)
  3 orc sorcerers (Orc:2)
  A harpy (shapeshifter) (D:13)
  8 ugly things
  7 manticores
  5 cyclopes
  A faun (Shoals:1)
  9 elephants
  Joseph (D:7)
  4 kobold blastminers
  3 merfolk sirens (Shoals:1)
  4 black mambas
  5 molten gargoyles (Volcano)
  A gargoyle (D:13)
  7 cane toads
  2 rime drakes
  2 kobold demonologists
  7 komodo dragons
  3 efreet
  Maggie (Lair:1)
  A yaktaur (D:14)
  2 merfolk (Shoals:1)
  A polar bear (Lair:3)
  7 trolls
  A snapping turtle (Lair:3)
  3 blink frogs (Lair:3)
  2 shadows (D:11)
  Sigmund (D:6)
  9 water elementals
  8 slime creatures
  A yak (shapeshifter) (D:13)
  6 wraiths
  A vampire (D:14)
  4 wyverns
  3 humans (D:13)
  4 basilisks
  52 yaks
  6 fire elementals (Volcano)
  2 wargs (Orc:1)
  17 vampire mosquitoes
  2 steam dragons
  4 nagas (Lair:2)
  15 water moccasins
  An acid dragon (D:13)
  A sky beast (D:8)
  4 laughing skulls
  2 black bears
  36 orc warriors
  5 ogres
  19 wolves
  16 centaurs
  4 boggarts
  A phantom (D:5)
  4 kobold brigands (D:10)
  Blork the orc (D:5)
  13 bullfrogs
  2 scorpions
  A gnoll sergeant (D:5)
  An earth elemental (Volcano)
  5 wights
  13 killer bees
  4 howler monkeys (D:9)
  5 electric eels
  2 gnoll boudas
  25 orc priests
  A bombardier beetle (D:6)
  A sleepcap (D:7)
  3 jellies (D:6)
  Crazy Yiuf (D:7)
  6 iguanas
  22 orc wizards
  8 mummies (Ossuary)
  16 gnolls
  9 adders
  2 dart slugs
  71 orcs
  7 endoplasms
  3 giant cockroaches
  2 goblins
  3 hobgoblins
  3 jackals
  9 kobolds
  4 quokkas
  8 ball pythons
  7 bats
  2 frilled lizards
  2 gnoll zombies (Ossuary)
  2 kobold zombies (Ossuary)
  4 orc zombies (Ossuary)
  5 rats
674 creatures vanquished.

Vanquished Creatures (others)
  A merfolk aquamancer (Shoals:1)
1 creature vanquished.

Grand Total: 675 creatures vanquished

Notes
Turn   | Place    | Note
-------+----------+-------------------------------------------
     0 | D:1      | Gabide the Human Gladiator began the quest for the Orb.
     0 | D:1      | Reached XP level 1. HP: 16/16 MP: 1/1
   219 | D:1      | Reached XP level 2. HP: 19/22 MP: 2/2
   599 | D:1      | Reached XP level 3. HP: 21/27 MP: 3/3
  1084 | D:2      | Reached skill level 1 in Armour
  1252 | D:2      | Reached XP level 4. HP: 14/34 MP: 4/4
  1337 | D:2      | Found Qunywn's Antique Armour Emporium.
  1700 | D:3      | Noticed a fire elemental
  1709 | D:3      | Found a stormy altar of Qazlal.
  1712 | D:3      | Noticed an earth elemental
  1712 | D:3      | Noticed an air elemental
  1712 | D:3      | Noticed a water elemental
  2082 | D:3      | Reached XP level 5. HP: 30/39 MP: 5/5
  2241 | D:4      | Found a hide-covered altar of Uskayaw.
  2292 | D:4      | Found a sand-covered staircase.
  2614 | Ossuary  | Entered an ossuary
  2643 | Ossuary  | Reached XP level 6. HP: 42/47 MP: 6/6
  3273 | D:4      | Reached skill level 5 in Staves
  3507 | D:5      | Entered Level 5 of the Dungeon
  3524 | D:5      | Found Foveri's General Store.
  3582 | D:2      | Bought a fine scale mail for 198 gold pieces
  3582 | D:2      | Identified the +2 scale mail of Impressiveness {rN++ Int-3
                  | Dex+4} (You bought it in a shop on level 2 of the Dungeon)
  3582 | D:2      | Bought a pair of embroidered gloves for 165 gold pieces
  3637 | D:5      | Noticed Pikel
  3781 | D:5      | Paralysed by Pikel for 3 turns
  3788 | D:5      | Paralysed by Pikel for 5 turns
  3801 | D:5      | Killed Pikel
  3802 | D:5      | Reached XP level 7. HP: 23/54 MP: 7/7
  3960 | D:5      | Noticed Blork the orc
  3968 | D:5      | Reached XP level 8. HP: 42/60 MP: 8/8
  3976 | D:5      | Killed Blork the orc
  4111 | D:5      | Reached skill level 5 in Dodging
  4193 | D:5      | Identified the +12 battleaxe of the Sugar Beet {venom,
                  | rPois rF- Will++ Stlth+}
  4950 | D:6      | Noticed Sigmund
  4959 | D:6      | Killed Sigmund
  4960 | D:6      | Reached skill level 5 in Fighting
  5049 | D:6      | Reached XP level 9. HP: 67/68 MP: 9/9
  5499 | D:6      | Reached skill level 5 in Armour
  5845 | D:7      | Found a burning altar of Makhleb.
  5848 | D:7      | Noticed an orange demon
  5850 | D:7      | Noticed a cacodemon
  5928 | D:7      | Noticed Joseph
  5932 | D:7      | Found a staircase to the Ecumenical Temple.
  5966 | D:7      | Killed Joseph
  6197 | D:7      | Found a sparkling altar of Nemelex Xobeh.
  6386 | D:7      | Found a runed translucent door.
  6387 | D:7      | Noticed Crazy Yiuf
  6549 | D:7      | Killed Crazy Yiuf
  6680 | D:8      | Noticed Gastronok
  6702 | D:8      | Killed Gastronok
  6703 | D:8      | Reached skill level 10 in Staves
  6703 | D:8      | Reached XP level 10. HP: 41/79 MP: 10/10
  7198 | D:8      | Found a shimmering blue altar of Sif Muna.
  7261 | D:9      | Found Pownoj's Distillery.
  7705 | D:9      | Found a basalt altar of Yredelemnul.
  8697 | D:10     | Entered Level 10 of the Dungeon
  8927 | D:10     | Found a snail-covered altar of Cheibriados.
  8949 | D:10     | Found a staircase to the Lair.
  9004 | D:10     | Reached XP level 11. HP: 47/87 MP: 11/11
  9286 | D:10     | Found a sacrificial altar of Ru.
  9482 | D:10     | Found Vunk's Weapon Emporium.
 11114 | D:11     | Noticed a white ugly thing
 11131 | D:11     | Killed a white ugly thing
 11134 | D:11     | Noticed a manticore
 11155 | D:11     | Killed a manticore
 11383 | D:11     | Identified the +0 war axe of the Pariah {speed, rC+ rCorr
                  | Int-3 Stlth+}
 11924 | D:12     | Noticed a manticore
 11940 | D:12     | Killed a manticore
 12170 | D:5      | Bought the +3 pair of mountain boots {steadfast, rC+} for
                  | 469 gold pieces
 12170 | D:5      | Found the +3 pair of mountain boots {steadfast, rC+}
 12595 | D:12     | Found a staircase to the Orcish Mines.
 12841 | D:12     | Noticed a two-headed ogre
 13091 | Lair:1   | Entered Level 1 of the Lair of Beasts
 13108 | Lair:1   | Reached skill level 10 in Fighting
 13147 | Lair:1   | Reached XP level 12. HP: 79/97 MP: 12/12
 13641 | Lair:1   | Noticed Maggie
 13656 | Lair:1   | Killed Maggie
 14389 | Lair:2   | Noticed a catoblepas
 14416 | Lair:1   | Killed a catoblepas
 14598 | Lair:1   | Reached skill level 15 in Staves
 14735 | Lair:2   | Identified the +0 leather armour of Gluttony {rF+ rC+
                  | Str+2}
 15092 | Lair:2   | Noticed a six-headed hydra
 15107 | Lair:2   | Killed a six-headed hydra
 15266 | Lair:2   | Noticed Fannar
 15304 | Lair:2   | Killed Fannar
 15480 | Lair:2   | Reached skill level 1 in Evocations
 16017 | Lair:2   | Found a staircase to the Snake Pit.
 16207 | Lair:3   | Noticed an eight-headed hydra
 16221 | Lair:2   | Killed an eight-headed hydra
 16222 | Lair:2   | Reached skill level 2 in Evocations
 16473 | Lair:3   | Found a dark tunnel.
 16486 | Volcano  | Entered a volcano
 16618 | Volcano  | HP: 5/102 [molten gargoyle/+0 mace (4)]
 16620 | Volcano  | Reached skill level 3 in Evocations
 16620 | Volcano  | Reached XP level 13. HP: 6/108 MP: 13/13
 17215 | Volcano  | Reached skill level 4 in Evocations
 18710 | Lair:3   | Reached skill level 5 in Evocations
 18840 | Lair:3   | Found a staircase to the Shoals.
 20162 | Lair:4   | Reached skill level 6 in Evocations
 20721 | Lair:4   | Reached skill level 7 in Evocations
 21088 | Lair:5   | Entered Level 5 of the Lair of Beasts
 21117 | Lair:5   | Noticed Urug
 21135 | Lair:5   | Killed Urug
 21505 | Lair:5   | Found a runed translucent door.
 21510 | Lair:5   | Noticed Obleffat's ghost (journeyman KoBr)
 21586 | Lair:4   | Reached skill level 8 in Evocations
 21586 | Lair:4   | Reached XP level 14. HP: 22/115 MP: 14/14
 21981 | Lair:4   | Killed Obleffat's ghost
 22226 | Lair:5   | Found a viscous altar of Jiyva.
 22227 | Lair:5   | Found a staircase to the Slime Pits.
 22331 | Lair:5   | Reached skill level 9 in Evocations
 22785 | Lair:5   | Reached skill level 10 in Evocations
 23093 | Lair:5   | Found a shadowy altar of Dithmenos.
 23425 | Lair:5   | Identified a scroll of acquirement
 23425 | Lair:5   | Acquired the ring "Deotak" {Fly rN+ AC+4}
 23449 | Lair:5   | Noticed Sonja
 23453 | Lair:5   | Sonja changed into Sonja the steam dragon
 23453 | Lair:5   | Noticed Sonja
 23457 | Lair:5   | Killed Sonja the steam dragon
 24141 | Temple   | Entered the Ecumenical Temple
 24152 | Temple   | Became a worshipper of Gozag Ym Sagoz the Greedy
 24516 | D:12     | Reached skill level 11 in Evocations
 25474 | D:13     | Noticed Josephine
 25493 | D:13     | Killed Josephine
 25494 | D:13     | Reached skill level 12 in Evocations
 26683 | D:13     | Reached skill level 13 in Evocations
 26865 | D:13     | Found a gate to the Vaults.
 26992 | D:14     | Found Ythocku's Tremendous Tomes.
 27297 | D:14     | Reached XP level 15. HP: 81/120 MP: 15/15
 27730 | D:14     | Reached skill level 14 in Evocations
 28527 | D:15     | Entered Level 15 of the Dungeon
 28808 | D:15     | Reached skill level 15 in Evocations
 29064 | D:15     | Noticed Rupert
 29686 | D:15     | Killed Rupert
 29987 | D:15     | Found a runed translucent door.
 31027 | D:15     | Reached skill level 16 in Evocations
 31250 | D:15     | Found a staircase to the Depths.
 31797 | D:15     | Found a runed translucent door.
 32054 | D:15     | Identified the ring "Iqey" {rN+ Str+2}
 32058 | D:15     | Found a runed translucent door.
 32058 | D:15     | Noticed the 27-headed Lernaean hydra
 32101 | D:15     | Killed the 27-headed Lernaean hydra
 32102 | D:15     | Reached skill level 17 in Evocations
 32200 | D:15     | Identified the +2 helmet "Urunorri" {rPois Dex+3}
 32215 | D:15     | Identified the +8 spear of Luqewe {flame, rElec rN++ rCorr
                  | Int-4}
 32407 | Orc:1    | Entered Level 1 of the Orcish Mines
 32693 | Orc:2    | Entered Level 2 of the Orcish Mines
 32905 | Orc:2    | Reached XP level 16. HP: 91/127 MP: 16/16
 33062 | Orc:2    | Found Oziotib's Armour Shoppe.
 33394 | Orc:2    | Found a staircase to the Elven Halls.
 34361 | Orc:2    | Reached skill level 18 in Evocations
 34860 | Orc:2    | Found Tosuan's Antique Armour Emporium.
 34861 | Orc:2    | Found Qiaghux's Antique Weapon Shoppe.
 34863 | Orc:2    | Found Irriwian's General Store.
 34863 | Orc:2    | Found Qivokiro's Book Emporium.
 34868 | Orc:2    | Bought a pitted ring mail for 252 gold pieces
 34868 | Orc:2    | Identified the +1 ring mail of the Moon Troll {rElec rC+
                  | MP-9 Dex+2} (You bought it in a shop on level 2 of the
                  | Orcish Mines)
 34879 | Orc:2    | Bought a potion of mutation for 104 gold pieces
 34879 | Orc:2    | Bought a scroll of teleportation for 39 gold pieces
 35809 | Orc:1    | Found a runed translucent gate.
 35809 | Orc:1    | Found a runed translucent gate.
 35810 | Orc:1    | Found a runed translucent gate.
 35811 | Orc:1    | Noticed ripuliukko's ghost (journeyman GrEE)
 35842 | Orc:1    | Killed ripuliukko's ghost
 36960 | Shoals:1 | Entered Level 1 of the Shoals
 37321 | Shoals:1 | Found Ahoidu's Mass Market.
 37429 | Shoals:1 | Slain by a skyshark

Illustrated notes

Levels and vault maps discovered:
D:1:      lordsloth_arrival_two_stooges, layout_basic, minmay_misc_feat_columns,
          nrook_uturn, minmay_hedge_maze, minmay_pentomino_v2
D:2:      layout_basic, serial_shops, nicolae_shop_behind_doors,
          dreamdust_princess_bridge
D:3:      layout_rooms, nicolae_qazlal_style_of_elements, kennysheep_minor_cross
D:4:      layout_basic, old_standard_altar, nicolae_ossuary_entry_ruins
D:5:      layout_loops_cross, serial_shops, shop_fountains, uniq_blork_the_orc,
          uniq_pikel
D:6:      layout_basic, uniq_sigmund
D:7:      layout_rooms, mainiacjoe_overflow_boulevard,
          makhleb_altar_promises_db, minmay_temple_entry_statues_pillars,
          uniq_joseph, uniq_crazy_yiuf_cottage
D:8:      layout_basic, nicolae_sif_muna_little_library, uniq_gastronok
D:9:      layout_layer_cave, mainiacjoe_overflow_alcove_1, serial_shops,
          shop_statue
D:10:     layout_small_grid, amcnicky_altar_gilded,
          mainiacjoe_overflow_small_starburst, lair_entry_dummy,
          serial_co_window_serial, co_window_paths_a, co_window_paths_a,
          co_window_paths_b, co_window_corner_a, co_window_corner_a,
          co_window_broadway_b, co_window_corner_ca, co_window_cross_2,
          co_window_paths_c, co_window_unsneaky_path_a, co_window_broadway_b,
          glass_columns_a, glass_columns_b, nicolae_wooded_promenade,
          minmay_liquid_box
D:11:     layout_basic
D:12:     layout_loops_corners, orc_0_dummy
D:13:     layout_gridville, hellmonk_vaults_keyhole, uniq_josephine
D:14:     layout_cave_pools, reono_crystal_passage,
          nicolae_shop_i_like_big_books, minmay_fractal_squares_gapless_7
D:15:     gammafunk_enter_depths_forms, layout_basic,
          serial_library_hellmonk_reading_circle, nicolae_hydra_factorization,
          uniq_rupert
Temple:   nicolae_temple_two_arcs
Lair:1:   layout_cave_pods, uniq_maggie
Lair:2:   layout_gridlike, minmay_snake_entry_guardpost_medium, serial_bayou,
          serial_bayou_shore_a, serial_bayou_lagoon_a, serial_bayou_pond_b,
          serial_bayou_lagoon_b, uniq_fannar
Lair:3:   layout_concentric_octagons, minmay_shoals_entry_hut,
          nicolae_volcano_entry_hallway
Lair:4:   layout_cellular_growth, minivault_23
Lair:5:   grunt_lair_end_beastmaster, layout_regular_city, slime_entry_1,
          ebering_ghost_inner_flame, basic_altar,
          grunt_forest_small_clearing_treed, lemuel_fruit_tree, uniq_urug,
          uniq_sonja
Shoals:1: layout_shoals, minmay_shop_mass, nicolae_take_the_stairs
Orc:1:    layout_caves, ebering_ghost_rock_garden
Orc:2:    st_orc_congregation, layout_diamond_mine, serial_shops, shop

Skill      XL: |  1  2  3  4  5  6  7  8  9 10 11 12 13 14 15 16 |
---------------+-------------------------------------------------+-----
Armour         | 1 3 4 6 9 |  9.5
Staves         | 4 6 7 10 11 14 15 | 15.0
Throwing       | 3 |  3.0
Fighting       | 3 4 5 7 8 10 12 | 12.3
Dodging        | 4 5 6 9 |  9.5
Evocations     | 3 8 13 17 18 | 18.2

Action                     |  1- 3 |  4- 6 |  7- 9 | 10-12 | 13-15 | 16-18 || total
---------------------------+-------+-------+-------+-------+-------+-------++-------
  Melee: Quarterstaff      |    97 |   203 |   343 |  1017 |  2040 |   599 ||  4299
         Glaive            |       |       |       |       |    58 |       ||    58
         Unarmed           |       |       |       |       |     3 |       ||     3
  Throw: Throwing net      |       |     5 |     1 |       |       |       ||     6
         Javelin           |       |       |       |    10 |    17 |     6 ||    33
         Dart              |       |       |       |       |    13 |     4 ||    17
 Invoke: Call Merchant     |       |       |       |       |     2 |       ||     2
  Evoke: Wand              |       |       |    10 |    20 |    17 |    10 ||    57
         Condenser vane    |       |       |       |       |       |     1 ||     1
    Use: Scroll            |     3 |    10 |     8 |     7 |    16 |     4 ||    48
         Potion            |       |       |     3 |     4 |     9 |     5 ||    21
   Stab: Sleeping          |     1 |     1 |       |       |       |       ||     2
         Held in net/web   |       |     2 |     3 |       |       |       ||     5
         Paralysed         |       |       |     1 |     8 |     3 |     1 ||    13
         Invisible         |       |       |       |     3 |       |       ||     3
         Petrified         |       |       |       |       |    11 |       ||    11
         Distracted        |       |       |       |       |     3 |     4 ||     7
 Armour: Leather armour    |    58 |    16 |       |       |    13 |       ||    87
         Ring mail         |       |    91 |       |       |       |       ||    91
         Scale mail        |       |    14 |   215 |   727 |   645 |       ||  1601
         Plate armour      |       |       |       |       |   977 |   281 ||  1258
         Chain mail        |       |       |       |       |       |   224 ||   224
  Dodge: Dodged            |    77 |   135 |   229 |   628 |  1276 |   522 ||  2867
